cohdb
Replays
Latest Replays
All Replays
Popular Replays
Top Player Replays
Match Explorer
How It Works
Community
CoH3 Stats
Reddit
Sign in to upload your games and track your stats! →
Sign in with Steam
Match 38041470
Unlisted
Match 38041470
Overview
Messages
Build Orders
End
Kettenkrad Recon Vehicle
Kettenkrad Recon Vehicle
Selects Mechanized Battlegroup
Construct Infanterie Kompanie
GrW 34 Mortar Team
MG 42 Machine Gun Team
MG 42 Bunker
MG 42 Machine Gun Team
Grenadier Squad
Selects Spotting Scopes
Selects Mobile Repair Stations
Infanterie Officer Quarters
Construct Panzergrenadier Kompanie
Selects Stoßtruppen Assault Package
Panzergrenadier Squad
Pak 40 Anti-tank Gun Team
Selects Mechanized Assault
Support Elements
StuG III G Assault Gun
Nebelwerfer 42 Rocket Launcher Team
L A I T H WALEED
ahmedamer404
SneaKerz
gb_gbg
0
0
Comments
sign in to comment!
No comments posted yet!